 Dungeon Crawl Stone Soup version 0.29-a0-251-g80730f7218 (webtiles) character file.

Game seed: 6805185549375485221

652 sammy202020 the Skirmisher (level 7, -1/44 HPs)
             Began as a Gargoyle Berserker on Mar 5, 2022.
             Was a Believer of Trog.
             Slain by an ogre
             ... wielding a +0 giant spiked club
              (23 damage)
             ... on level 5 of the Dungeon.
             The game lasted 00:08:09 (4226 turns).

sammy202020 the Skirmisher (Gargoyle Berserker)     Turns: 4226, Time: 00:08:10

Health: -1/44      AC: 17    Str: 20    XL:     7   Next: 54%
Magic:  7/7        EV:  8    Int: 10    God:    Trog [**....]
Gold:   1398       SH:  0    Dex:  9    Spells: 6/6 levels left

rFire   . . .      SeeInvis .   r - +2 mace (vorpal)
rCold   . . .      Faith    .   (no shield)
rNeg    + . .      Spirit   .   o - +1 chain mail
rPois   ∞          Reflect  .   n - +0 helmet
rElec   +          Harm     .   (no cloak)
rCorr   .          Rampage  .   (no gloves)
Will    .....                   m - +0 pair of boots
Stlth   ..........              (no amulet)
HPRegen 0.14/turn               (no ring)
MPRegen 0.10/turn               (no ring)

@: no status effects
A: sickness immunity, AC +4, negative energy resistance 1, electricity
resistance, torment resistance 1, petrification resistance
a: Renounce Religion, Berserk, Trog's Hand


You were on level 5 of the Dungeon.
You worshipped Trog.
Trog was pleased with you.
You visited 1 branch of the dungeon, and saw 5 of its levels.

You collected 1398 gold pieces.

Inventory:

Hand Weapons
 d - a +4 whip of flaming
 r - a +2 vorpal mace (weapon)
Armour
 m - a +0 pair of boots (worn)
 n - a +0 helmet (worn)
 o - a +1 chain mail (worn)
Jewellery
 t - a +6 ring of intelligence
Scrolls
 i - a scroll of summoning
 j - 2 scrolls of teleportation
Potions
 b - 2 potions of magic
 e - 3 potions of brilliance
 h - a potion of attraction
 p - a potion of might {unknown}
 q - a potion of curing {unknown}
 s - 3 potions of berserk rage {unknown}


   Skills:
 * Level 5.3 Fighting
 * Level 4.9 Maces & Flails
 * Level 4.7 Armour
 + Level 3.4 Dodging
 * Level 1.3 Shields


You had 6 spell levels left.
You didn't know any spells.
Your spell library was empty.

Dungeon Overview and Level Annotations

Branches:
Dungeon (5/15)             Temple (0/1) D:4

Altars:
Okawaru
Sif Muna

Shops:
D:2 (   D:3 !


Innate Abilities, Weirdness & Mutations

You are immune to sickness and miasma.
Your stone body is resilient. (AC +4)
You are immune to poison.
You resist negative energy. (rN+)
You are resistant to electric shocks. (rElec)
You are resistant to unholy torment.
You are immune to petrification.


Message History

An orc wizard comes into view. It is wielding a +0 dagger.
The adder bites you but does no damage.
You barely miss the adder. The adder bites you but does no damage.
You closely miss the adder. The adder bites you but does no damage.
An orc priest comes into view. It is wielding a +0 flail.
The adder barely misses you.
The orc priest shouts!
You hit the ogre but do no damage. The adder bites you but does no damage.
The ogre hits you with a +0 giant spiked club!
The adder bites you but does no damage.
You barely miss the ogre.
The ogre hits you with a +0 giant spiked club!
The adder bites you but does no damage.
An orc comes into view. It is wielding a +0 mace.
The orc barely misses you.
You are too injured to fight recklessly!
You are too injured to fight recklessly!
You are too injured to fight recklessly!
You are too injured to fight recklessly!
You are too injured to fight recklessly!
You are too injured to fight recklessly!
You are too injured to fight recklessly!
You are too injured to fight recklessly!
You are too injured to fight recklessly!
You are too injured to fight recklessly!
You are too injured to fight recklessly!
You are too injured to fight recklessly!
The adder bites you. The adder closely misses you.
You hit the adder.
The adder is moderately wounded.
The adder bites you but does no damage. The adder barely misses you.
You hit the adder.
You kill the adder!
Trog accepts your kill.
You sock the ogre!
The ogre is heavily wounded.
The ogre hits you with a +0 giant spiked club!!
Ouch! That really hurt!
You die...

#.# #.# #.# #o#
##########.# #.#
.........#<# ##.##
########.#.##
####.o.#####
######....###....o.....##
#...##........##...##...#
#.#.###...#######o.......
#.#.# ##......@Oo.o##...#
#.#.# #####.###.#.# ...
#.#.# # # #>#.# $# #.#.#
#.#...#.# #.#.# #.#.....
#...# #......## # ###.#
#.......# .. #.#
#......##.# #.# .......#


You could see an ogre, an orc priest, an orc wizard and an orc.

Vanquished Creatures
  Menkaure (D:4)
  A sky beast (D:5)
  A necrophage (D:5)
  2 scorpions (D:5)
  2 hounds (D:5)
  An orc priest (D:5)
  8 adders
  7 dart slugs
  The ghost of Bravepunisher the Ducker, a weakling SpMo (D:4)
  5 orcs
  4 bats
  5 endoplasms
  3 giant cockroaches (D:4)
  15 goblins
  6 hobgoblins
  7 kobolds
  2 quokkas
  4 ball pythons
  2 frilled lizards (D:2)
  7 rats
84 creatures vanquished.

Notes
Turn   | Place    | Note
-------+----------+-------------------------------------------
     0 | D:1      | sammy202020 the Gargoyle Berserker began the quest for the
                  | Orb.
     0 | D:1      | Reached XP level 1. HP: 14/14 MP: 1/1
   245 | D:1      | Reached XP level 2. HP: 19/19 MP: 2/2
   630 | D:1      | Reached XP level 3. HP: 24/24 MP: 3/3
   746 | D:2      | Found Syefug's Weapon Shoppe.
  1074 | D:2      | Identified the +6 short sword of True Grit {drain, rC-
                  | Int+10 Dex-2 Stlth+}
  1085 | D:2      | Reached ** piety under Trog
  1414 | D:2      | Reached XP level 4. HP: 25/29 MP: 4/4
  1523 | D:3      | Found a faded altar of an unknown god.
  1606 | D:3      | Found a shimmering blue altar of Sif Muna.
  1616 | D:3      | Reached skill level 4 in Fighting
  2079 | D:3      | Found Cacwor Imorph's Distillery.
  2616 | D:4      | Found a staircase to the Ecumenical Temple.
  2661 | D:4      | Found a large runed translucent door.
  2661 | D:4      | Found a large runed translucent door.
  2689 | D:4      | Noticed Bravepunisher's ghost (weakling SpMo)
  2729 | D:4      | Reached XP level 5. HP: 33/33 MP: 5/5
  2791 | D:4      | Found an iron altar of Okawaru.
  3265 | D:4      | Noticed Menkaure
  3277 | D:4      | Killed Menkaure
  3278 | D:4      | Reached XP level 6. HP: 19/39 MP: 6/6
  3421 | D:4      | Identified 2 scrolls of acquirement
  3421 | D:4      | Acquired 479 gold pieces
  3570 | D:4      | Acquired 698 gold pieces
  3643 | D:4      | Killed Bravepunisher's ghost
  3698 | D:5      | Entered Level 5 of the Dungeon
  3727 | D:5      | Noticed a sky beast
  3757 | D:5      | Killed a sky beast
  3758 | D:5      | Reached skill level 5 in Fighting
  3758 | D:5      | Reached XP level 7. HP: 28/44 MP: 7/7
  4038 | D:5      | Reached skill level 1 in Shields
  4226 | D:5      | Slain by an ogre

Illustrated notes

Levels and vault maps discovered:
D:1:      heliophobic_arrival_ceremonial_halls, layout_rooms
D:2:      layout_basic, serial_shops, nicolae_shop_bloodbath_and_beyond
D:3:      layout_loops_corners, mainiacjoe_overflow_paths,
          hellmonk_ecumenical_altar_pennies_from_heaven, serial_shops, shop
D:4:      layout_loops_corners, mainiacjoe_overflow_brackets,
          minmay_temple_entry_sparse_star, ebering_ghost_disaster_area,
          chequers_garden, minmay_bent, uniq_menkaure
D:5:      layout_loops_ring

Skill      XL: |  1  2  3  4  5  6  7 |
---------------+----------------------+-----
Dodging        | 2 3 |  3.4
Armour         | 3 4 |  4.7
Fighting       | 4 5 |  5.3
Maces & Flails | 4 |  4.9
Shields        | 1 |  1.3

Action                   |  1- 3 |  4- 6 |  7- 9 || total
-------------------------+-------+-------+-------++-------
Melee: Mace              |    18 |    93 |    47 ||   158
       Whip              |    61 |    39 |       ||   100
       Punch             |       |     2 |     2 ||     4
Invok: Berserk           |       |     1 |       ||     1
       Trog's Hand       |       |     1 |       ||     1
  Use: Scroll            |       |    11 |       ||    11
Armor: Animal skin       |    10 |       |       ||    10
       Ring mail         |    19 |     1 |       ||    20
       Chain mail        |       |    82 |    35 ||   117
Dodge: Dodged            |    31 |    52 |    24 ||   107

Table legend: (Time is in decaauts)
 A = Elapsed time spent in this place.
 B = Non-inter-level travel time spent in this place.
 C = Inter-level travel time spent in this place.
 D = Time resting spent in this place.
 E = Time spent auto-exploring this place.
 F = Levels seen in this place.
 G = Mean time per level.
                   A        B        C        D        E       F      G
               +--------+--------+--------+--------+--------+-----+--------+
         Total |   4260 |   4204 |     56 |    150 |   3171 |   5 |  852.0 |
       Dungeon |   4260 |   4204 |     56 |    150 |   3171 |   5 |  852.0 |
               +--------+--------+--------+--------+--------+-----+--------+

Top non-repeatable levels by time:
     D:4: 1221 daAuts
     D:3: 991 daAuts
     D:2: 762 daAuts
     D:1: 743 daAuts
     D:5: 540 daAuts
